 Dungeon Crawl Stone Soup version 0.19-a0-462-g6140235 (webtiles) character file.

12245 MenacingMecha the Fighter (level 11, -17/192 HPs)
             Began as a Troll Monk on June 3, 2016.
             Was a High Priest of Okawaru.
             Killed from afar by Erolcha (18 damage)
             ... with a bolt of cold
             ... on level 10 of the Dungeon.
             The game lasted 00:48:03 (9723 turns).

MenacingMecha the Fighter (Troll Monk)              Turns: 9723, Time: 00:48:03

Health: -17/192    AC: 25    Str: 24    XL:     11   Next: 59%
Magic:  14/14      EV:  1    Int: 11    God:    Okawaru [*****.]
Gold:   627        SH:  0    Dex: 15    Spells: 0 memorised, 10 levels left

rFire  . . .     SeeInvis .       - Unarmed
rCold  . . .     Gourm    +     (armour currently unavailable)
rNeg   + + +     Faith    .     (no shield)
rPois  +         Spirit   .     (helmet currently unavailable)
rElec  .         Dismiss  .     (cloak currently unavailable)
rCorr  .         Reflect  .     (gloves unavailable)
SustAt .         Harm     .     (boots unavailable)
MR     +....     NoTele   +     (no amulet)
Stlth  +++++.....               D - ring of protection from magic {MR+}
                                I - ring of poison resistance {rPois}

@: mighty, brilliant, tree-form, heroism, very slightly contaminated, invisible,
somewhat resistant to hostile enchantments, quite stealthy
A: unfitting armour, (claws 0), (fire resistance 0), fast metabolism 3,
gourmand, regeneration 3, robust 1, (shaggy fur 0), (tough skin 0), weak 1
a: Heroism, Finesse, Renounce Religion


You were on level 10 of the Dungeon.
You worshipped Okawaru.
Okawaru was extremely pleased with you.
You were very full.
You were a tree.
You visited 2 branches of the dungeon, and saw 11 of its levels.

You collected 627 gold pieces.

Inventory:

Hand Weapons
 F - the +6 shillelagh "Devastator" {shatter}
   (You found it on level 6 of the Dungeon)
 G - a +0 blowgun
   (You took it off a kobold on level 7 of the Dungeon)
Missiles
 g - 280 stones
 p - 3 tomahawks of returning
 w - 11 tomahawks
 H - 22 poisoned needles
 T - 2 large rocks (quivered)
Armour
 c - the +1 robe of the Shining Light (melded) {*Corrode MR+ Regen+ Str+4}
   (Okawaru gifted it to you on level 10 of the Dungeon)

   It affects your strength (+4).
   It affects your resistance to hostile enchantments.
   It increases your rate of regeneration.
   It may corrode you when you take damage.
 e - a +0 cloak (melded)
   (You took it off Maurice on level 10 of the Dungeon)
 R - a +0 troll leather armour {TLA, regen}
   (You found it on level 8 of the Dungeon)
Jewellery
 l - an uncursed ring of flight {+Fly}
   (You found it on level 1 of the Dungeon)
 o - an uncursed ring of see invisible {sInv}
   (You found it on level 4 of the Dungeon)
 D - a ring of protection from magic (right branch) {MR+}
   (You found it on level 6 of the Dungeon)
 I - a ring of poison resistance (left branch) {rPois}
   (You found it on level 7 of the Dungeon)
 Q - an uncursed ring of sustain attributes
   (You found it on level 9 of the Dungeon)
Wands
 k - a wand of iceblast (4/15)
   (You found it on level 4 of the Dungeon)
 J - a wand of random effects (25/48)
   (You found it on level 7 of the Dungeon)
 M - a wand of confusion (21/48)
   (You found it on level 8 of the Dungeon)
 N - a wand of digging (13/24)
   (You found it on level 8 of the Dungeon)
 O - a wand of confusion (22/48)
   (You found it on level 8 of the Dungeon)
 U - a wand of polymorph (13/24)
   (You took it off an orc on level 10 of the Dungeon)
Scrolls
 f - a scroll of amnesia
 i - 5 scrolls of identify {unknown}
 n - 4 scrolls of magic mapping
 v - a scroll of enchant weapon {unknown}
 x - 3 scrolls of remove curse
 y - 2 scrolls of random uselessness {unknown}
 z - 2 scrolls of recharging {unknown}
 B - 2 scrolls of fear
 L - a scroll of teleportation {unknown}
 P - a scroll of brand weapon {unknown}
Potions
 d - 2 potions of curing
 h - 2 potions of might
 s - a potion of invisibility
 t - a potion of lignification
Comestibles
 b - 6 bread rations
 j - a beef jerky
 m - 7 meat rations
 q - 18 royal jellies
 u - 10 fruits
 S - a slice of pizza


   Skills:
 - Level 10.0(15.0) Fighting
 + Level 5.3(10.3) Throwing
 * Level 8.2(13.2) Dodging
 - Level 2.0(7.0) Stealth
 - Level 8.0(13.0) Unarmed Combat
 - Level 6.0 Invocations


You had 10 spell levels left.
You didn't know any spells.

Dungeon Overview and Level Annotations

Branches:
Dungeon (10/15)            Temple (1/1) D:6            Lair (0/8) D:10
    Orc (0/2) D:9

Altars:
Ashenzari
Cheibriados
Dithmenos
Elyvilon
Fedhas
Gozag
Hepliaklqana
Kikubaaqudgha
Makhleb
Nemelex Xobeh
Okawaru
Pakellas
Qazlal
Ru
Sif Muna
Trog
Uskayaw
Vehumet
Xom
Yredelemnul
Zin
The Shining One

Shops:
D:3 *

Annotations:
D:10 Erolcha


Innate Abilities, Weirdness & Mutations

You are too large for most types of armour.
((You have claws for hands.))
Your metabolism is lightning-fast.
You like to eat raw meat.
You regenerate.
((You are covered in fur. (AC +1)))
((You have very tough skin. (AC +2)))
((Your flesh is almost immune to the effects of heat. (rF+++)))
You are robust. (+10% HP)
You are weak. (Str -2)


Message History

A wraith comes into view.
Josephine barely misses you.
You barely miss Josephine.
Josephine is moderately wounded.
Josephine misses you.
You scratch Josephine.
Josephine is heavily wounded.
Josephine hits you with a dagger of distortion!
Space warps horribly around you!
You claw Josephine!
Josephine is heavily wounded.
Josephine hits you with a dagger of distortion!
Space bends around you.
You barely miss Josephine.
Josephine is heavily wounded.
Josephine grins malevolently.
Josephine hits you with a dagger of distortion.
Space bends around you.
You barely miss Josephine.
Josephine is heavily wounded.
The wraith hits you! The wraith drains your vigour!
You feel yourself slow down.
Josephine grins malevolently.
Josephine hits you with a dagger of distortion!
Space warps horribly around you!
You gain the combat prowess of a mighty hero.
Josephine hits you with a dagger of distortion!
* * * LOW HITPOINT WARNING * * *
Space warps horribly around you!
* * * LOW HITPOINT WARNING * * *
It was a potion of beneficial mutation.
You feel more resistant to heat.
You feel fantastic!
Josephine is no longer unusually resistant.
Josephine hits you with a dagger of distortion.
* * * LOW HITPOINT WARNING * * *
You blink.
Erolcha gestures wildly while chanting.
Erolcha blinks!
It was a potion of cancellation.
Your magical effects are unravelling.
You feel magically purged.
You feel yourself speed up.
It was a potion of flight.
You feel very buoyant.
You fly up into the air.
It was a potion of lignification.
You turn into a tree.
Your +0 cloak melds into your body.
The +1 robe of the Shining Light {*Corrode MR+ Regen+ Str+4} melds into your body.
Your roots penetrate the ground.
Okay, then.
It was a potion of brilliance.
You feel clever all of a sudden.
Erolcha mumbles some strange words.
Erolcha blinks!
It was a potion of invisibility.
You fade into invisibility!
Josephine hits you but does no damage.
You feel a strange sense of stasis.
You are very lightly contaminated with residual magic.
You hit Josephine but do no damage.
Josephine is heavily wounded.
Josephine hits you but does no damage. Space warps horribly around you!
* * * LOW HITPOINT WARNING * * *
You catch the helpless Josephine completely off-guard!
You pummel Josephine!!
Josephine is severely wounded.
Josephine barely misses you.
You hit Josephine.
Josephine is severely wounded.
You pummel Josephine!!
You kill Josephine!
Okawaru is honoured by your kill.
Your base Dodging skill increases to level 8!
It was a potion of curing.
You feel better.
It was a potion of magic.
Magic courses through your body. The wraith hits you but does no damage.
It was a potion of might.
You feel very mighty all of a sudden. The wraith hits you!
* * * LOW HITPOINT WARNING * * *
You hit the wraith.
The wraith is lightly damaged.
The wraith hits you but does no damage. Erolcha hits you with a giant club!
* * * LOW HITPOINT WARNING * * *
You barely miss the wraith.
The wraith is lightly damaged.
The wraith hits you but does no damage.
You smack the wraith!
The wraith is heavily damaged.
Erolcha screams, "Lunch!"
Erolcha hits you with a giant club!
* * * LOW HITPOINT WARNING * * *
The wraith hits you.
* * * LOW HITPOINT WARNING * * *
You pummel the wraith!!
You destroy the wraith!
Okawaru accepts your kill.
Erolcha points at you and mumbles some strange words.
Helpless, you fail to dodge the bolt of cold.
You die...

#. #. #.. ..#..
#..# ..#.. #..#
.@.#.)o #####..#
...#...###
#......##...#......
#.!.(.......#......
#♣O........O#..####
#)###...# ... # #.#
#.W@# . #.# # #.#
#...##..##.# # #.#
#...##..##.# # #.#
#...##..##.####
#.###...##..##.....
#.(.........##.....
#.......#...##.....


You could see Erolcha.

Vanquished Creatures
  Josephine (D:10)
  A hill giant (D:10)
  Maurice (D:10)
  A centaur skeleton (D:10)
  A gargoyle (D:10)
  A queen bee (D:10)
  A troll (D:8)
  6 wraiths (D:10)
  13 yaks (D:10)
  A basilisk (D:10)
  A hippogriff (D:10)
  Menkaure (D:5)
  4 porcupines (D:10)
  An ice beast (D:5)
  6 sky beasts
  7 orc warriors
  A necrophage (D:6)
  3 phantoms
  A wasp (D:7)
  3 ogres
  3 centaurs
  3 crocodiles (D:10)
  4 big kobolds
  Blork the orc (D:5)
  6 giant frogs
  A wyvern zombie (D:10)
  5 scorpions
  17 killer bees (D:10)
  4 wights (D:7)
  2 electric eels (D:9)
  2 howler monkeys (D:6)
  6 crimson imps
  2 centaur zombies
  3 giant frog zombies
  3 hounds
  4 jellies (D:8)
  10 orc wizards
  3 orc priests
  A giant frog skeleton (D:6)
  2 iguanas
  6 worker ants
  A hound zombie (D:8)
  A hound skeleton (D:10)
  12 adders
  7 gnolls
  3 river rats (D:10)
  2 shadow imps (D:6)
  6 oozes
  2 adder zombies
  7 worms
  4 giant geckos
  45 orcs
  3 giant cockroaches
  5 goblins
  3 hobgoblins
  2 jackals (D:5)
  2 quokkas
  A ball python (D:6)
  6 bats
  3 giant gecko skeletons (D:4)
  5 giant newts
  2 jackal skeletons
  25 kobolds
  8 rats
  A spectral orc (D:7)
299 creatures vanquished.

Vanquished Creatures (others)
  An orc wizard (D:9)
  3 fungi (D:10)
  7 plants (D:10)
11 creatures vanquished.

Grand Total: 310 creatures vanquished

Notes
Turn   | Place    | Note
--------------------------------------------------------------
     0 | D:1      | MenacingMecha the Troll Monk began the quest for the Orb.
     0 | D:1      | Reached XP level 1. HP: 22/22 MP: 0/0
    11 | D:1      | You fall through a shaft!
    81 | D:2      | Reached XP level 2. HP: 28/29 MP: 1/1
   376 | D:1      | Reached skill level 5 in Unarmed Combat
   399 | D:1      | Reached XP level 3. HP: 36/36 MP: 2/2
  1122 | D:3      | Found a faded altar of an unknown god.
  1161 | D:3      | Found Zin's Purification Station.
  1163 | D:3      | Found a glowing silver altar of Zin.
  1282 | D:3      | Found a glowing golden altar of the Shining One.
  1282 | D:3      | Found a radiant altar of Vehumet.
  1430 | D:3      | Reached XP level 4. HP: 44/44 MP: 3/3
  1617 | D:3      | Reached skill level 6 in Unarmed Combat
  1777 | D:4      | Noticed a phantom
  1795 | D:4      | Killed a phantom
  1795 | D:4      | Reached XP level 5. HP: 46/50 MP: 4/4
  1937 | D:4      | Reached skill level 7 in Unarmed Combat
  2015 | D:4      | Reached XP level 6. HP: 57/59 MP: 5/5
  2080 | D:4      | Found a white marble altar of Elyvilon.
  2125 | D:4      | Found a burning altar of Makhleb.
  2171 | D:4      | Found an oddly glowing altar of Pakellas.
  2203 | D:4      | Found a bloodstained altar of Trog.
  2212 | D:4      | Found an opulent altar of Gozag.
  2382 | D:4      | Reached skill level 8 in Unarmed Combat
  2831 | D:5      | Entered Level 5 of the Dungeon
  2836 | D:5      | Noticed Blork the orc
  2847 | D:5      | Reached skill level 3 in Fighting
  2858 | D:5      | Noticed an orc warrior
  2872 | D:4      | Reached XP level 7. HP: 51/67 MP: 6/6
  3037 | D:4      | Reached skill level 4 in Fighting
  3355 | D:5      | Reached skill level 5 in Fighting
  3455 | D:5      | Reached XP level 8. HP: 46/83 MP: 7/7
  3565 | D:5      | Found a shimmering altar of Xom.
  3601 | D:5      | Reached skill level 6 in Fighting
  3613 | D:5      | Killed Blork the orc
  3656 | D:5      | Noticed Menkaure
  3724 | D:5      | Killed Menkaure
  3870 | D:6      | Reached skill level 7 in Fighting
  4186 | D:6      | Reached skill level 8 in Fighting
  4241 | D:6      | Found a staircase to the Ecumenical Temple.
  4248 | Temple   | Entered the Ecumenical Temple
  4252 | Temple   | Became a worshipper of Warmaster Okawaru
  4252 | Temple   | Reached * piety under Okawaru
  4252 | Temple   | Reached ** piety under Okawaru
  4446 | D:6      | Found a blossoming altar of Fedhas.
  4540 | D:6      | Found a deep blue altar of Sif Muna.
  4577 | D:6      | Reached XP level 9. HP: 97/97 MP: 8/8
  5132 | D:7      | Found a basalt altar of Yredelemnul.
  5183 | D:7      | Reached skill level 9 in Fighting
  6079 | D:8      | Reached skill level 10 in Fighting
  6185 | D:8      | Reached skill level 1 in Throwing
  6267 | D:8      | Reached skill level 3 in Dodging
  6304 | D:8      | Reached *** piety under Okawaru
  6354 | D:8      | Gained mutation: Your flesh is heat resistant. (rF+) [mutagenic meat]
  6355 | D:8      | Gained mutation: Your flesh is very heat resistant. (rF++) [mutagenic meat]
  6356 | D:8      | Gained mutation: You regenerate. [mutagenic meat]
  6357 | D:8      | Gained mutation: You are weak. (Str -2) [mutagenic meat]
  6358 | D:8      | Gained mutation: You are robust. (+10% HP) [mutagenic meat]
  6702 | D:8      | Reached skill level 4 in Dodging
  6855 | D:8      | Found a shadowy altar of Dithmenos.
  6935 | D:8      | Noticed a troll
  6946 | D:8      | Killed a troll
  6946 | D:8      | Reached XP level 10. HP: 121/121 MP: 9/9
  7152 | D:8      | Reached skill level 2 in Throwing
  7297 | D:9      | Reached skill level 5 in Dodging
  7417 | D:9      | Found a staircase to the Orcish Mines.
  7447 | D:9      | Reached **** piety under Okawaru
  7885 | D:10     | Entered Level 10 of the Dungeon
  7913 | D:10     | Reached skill level 3 in Throwing
  7913 | D:10     | Reached skill level 6 in Dodging
  8177 | D:10     | Reached ***** piety under Okawaru
  8301 | D:10     | Reached skill level 4 in Throwing
  8301 | D:10     | Reached skill level 7 in Dodging
  8325 | D:10     | Reached skill level 1 in Invocations
  8360 | D:10     | Reached skill level 2 in Invocations
  8449 | D:10     | Reached skill level 3 in Invocations
  8525 | D:10     | Noticed a gargoyle
  8577 | D:10     | Killed a gargoyle
  8577 | D:10     | Reached skill level 4 in Invocations
  8583 | D:10     | Reached XP level 11. HP: 66/128 MP: 11/13
  8656 | D:10     | Noticed Maurice
  8671 | D:10     | Killed Maurice
  8671 | D:10     | Received a gift from Okawaru
  8671 | D:10     | Reached skill level 5 in Invocations
  8690 | D:10     | Noticed a hill giant
  8698 | D:10     | Killed a hill giant
  8877 | D:10     | Reached skill level 6 in Invocations
  8957 | D:10     | Found a staircase to the Lair.
  9028 | D:10     | Received a gift from Okawaru
  9046 | D:10     | Got an ominously black robe {god gift}
  9116 | D:10     | Identified the +1 robe of the Shining Light {*Corrode MR+ Regen+ Str+4} (Okawaru gifted it to you on level 10 of the Dungeon)
  9179 | D:10     | Reached skill level 2 in Stealth
  9570 | D:10     | Noticed Erolcha
  9645 | D:10     | Reached skill level 5 in Throwing
  9677 | D:10     | Noticed Josephine
  9706 | D:10     | HP: 16/128 [Josephine/dagger of distortion (21)]
  9707 | D:10     | Gained mutation: Your flesh is almost immune to the effects of heat. (rF+++) [potion of beneficial mutation]
  9713 | D:10     | HP: 17/192 [Josephine/dagger of distortion (11)]
  9716 | D:10     | Killed Josephine
  9716 | D:10     | Reached skill level 8 in Dodging
  9719 | D:10     | HP: 21/192 [wraith[Josephine] (7)]
  9722 | D:10     | HP: 7/192 [Erolcha/giant club (10)]
  9722 | D:10     | HP: 1/192 [wraith[Josephine] (6)]
  9723 | D:10     | Killed from afar by Erolcha

Vault maps used:
D:1:      evilmike_arrival_plus
D:2:      first_bread, mrwooster_statue_mirror
D:3:      gammafunk_temple_overflow_pools, zin_purify, ecumenical_altar_1
D:4:      lemuel_doored_altar, lemuel_round_altar,
          amethyst_overflow_temple_binary, grunt_pakellas_basics
D:5:      solitary_fountain, hangedman_abyss_or_decor_lesser_grid, led_xom_imps,
          uniq_menkaure, uniq_blork_the_orc
D:6:      fedhas_altar_2, led_sif_book, minmay_temple_entry_hall
D:7:      yredelemnul_forgotten_temple_becter
D:8:      nicolae_wwwww, hangedman_little_slice_of_home,
          nicolae_dithmenos_through_a_glass_darkly
D:9:      hiddenorc1_lemuel, fountainhead
D:10:     minmay_lair_entry_grove, minivault_7, uniq_maurice, uniq_erolcha,
          uniq_josephine
Temple:   triangle_lava_temple_11

Skill      XL: |  1  2  3  4  5  6  7  8  9 10 11 |
---------------+----------------------------------+-----
Unarmed Combat | 5 6 7 8 |  8.0
Fighting       | 3 5 8 10 | 10.0
Throwing       | 1 4 5 |  5.3
Dodging        | 4 7 8 |  8.2
Invocations    | 4 6 |  6.0
Stealth        | 2 |  2.0

Action                   |  1- 3 |  4- 6 |  7- 9 | 10-12 || total
-------------------------+-------+-------+-------+-------++-------
Melee: Unarmed           |    86 |    78 |   364 |   419 ||   947
       Punch             |     3 |     2 |    18 |    23 ||    46
Throw: Stone             |    70 |    74 |   106 |    89 ||   339
       Tomahawk          |       |    26 |    30 |    50 ||   106
       Large rock        |       |       |       |     9 ||     9
Invok: Heroism           |       |       |       |     1 ||     1
  Use: Scroll            |       |     5 |       |     2 ||     7
       Potion            |       |       |       |     9 ||     9
 Stab: Sleeping          |     5 |       |     3 |     1 ||     9
       Invisible         |       |       |       |     1 ||     1
  Eat: Chunk             |    18 |    12 |    37 |    31 ||    98
Armor: Robe              |    25 |    14 |    77 |    17 ||   133
       Troll leather arm |       |       |       |    47 ||    47
       Skin              |       |       |       |     5 ||     5
Dodge: Dodged            |    28 |    17 |   128 |   234 ||   407

Vault maps used:
D:1:      evilmike_arrival_plus
D:2:      first_bread, mrwooster_statue_mirror
D:3:      gammafunk_temple_overflow_pools, zin_purify, ecumenical_altar_1
D:4:      lemuel_doored_altar, lemuel_round_altar,
          amethyst_overflow_temple_binary, grunt_pakellas_basics
D:5:      solitary_fountain, hangedman_abyss_or_decor_lesser_grid, led_xom_imps,
          uniq_menkaure, uniq_blork_the_orc
D:6:      fedhas_altar_2, led_sif_book, minmay_temple_entry_hall
D:7:      yredelemnul_forgotten_temple_becter
D:8:      nicolae_wwwww, hangedman_little_slice_of_home,
          nicolae_dithmenos_through_a_glass_darkly
D:9:      hiddenorc1_lemuel, fountainhead
D:10:     minmay_lair_entry_grove, minivault_7, uniq_maurice, uniq_erolcha,
          uniq_josephine
Temple:   triangle_lava_temple_11

Table legend:
 A = Turns spent in this place as a percentage of turns spent in the entire game.
 B = Non-inter-level travel turns spent in this place as a percentage of non-inter-level travel turns spent in the entire game.
 C = Inter-level travel turns spent in this place as a percentage of turns spent in this place.
 D = Turns resting spent in this place as a percentage of non-inter-level travel turns spent in this place.
 E = Turns spent auto-exploring this place as a percentage of non-inter-level travel turns spent in this place.
 F = Non-inter-level travel turns spent in this place divided by the number of levels of this place that you've seen.
                   A       B       C       D       E      F
               +-------+-------+-------+-------+-------+----------------------
         Total | 100.0 | 100.0 |   0.3 |   2.6 |   6.0 | 332.0
       Dungeon |  98.5 |  98.5 |   0.3 |   2.6 |   6.1 | 359.7
        Temple |   1.5 |   1.5 |   1.8 |   0.0 |   0.0 |  55.0
               +-------+-------+-------+-------+-------+----------------------

Table legend:
 A = Kills in this place as a percentage of kills in entire the game.
 B = Kills by you in this place as a percentage of kills by you in the entire game.
 C = Kills by friends in this place as a percentage of kills by friends in the entire game.
 D = Other kills in this place as a percentage of other kills in the entire game.
 E = Experience gained in this place as a percentage of experience gained in the entire game.
 F = Experience gained in this place divided by the number of levels of this place that you have seen.
                   A       B       C       D       E      F
               +-------+-------+-------+-------+-------+----------------------
         Total | 100.0 | 100.0 |  -nan | 100.0 | 100.0 | 1590.3
       Dungeon | 100.0 | 100.0 |  -nan | 100.0 | 100.0 | 1749.3
               +-------+-------+-------+-------+-------+----------------------
